 Dungeon Crawl Stone Soup version 0.18-a0-1577-gf591c28 (console) character file.

78 Liam the Magician (level 4, 0/27 HPs)
             Began as a High Elf Wizard on Mar 22, 2016.
             Slain by a gnoll
             ... wielding a +0 club
              (3 damage)
             ... on level 2 of the Dungeon.
             The game lasted 00:02:26 (2213 turns).

Liam the Magician (High Elf Wizard)                 Turns: 2213, Time: 00:02:27

Health: 0/27       AC:  5    Str:  6    XL:     4   Next: 15%
Magic:  4/12       EV: 12    Int: 23    God:
Gold:   132        SH:  0    Dex: 13    Spells: 1 memorised, 12 levels left

rFire  . . .     SeeInvis .     (no weapon)
rCold  . . .     Gourm    .     a - +0 robe
rNeg   . . .     Faith    .     (no shield)
rPois  .         Spirit   .     b - +0 hat
rElec  .         Dismiss  .     q - +0 cloak
rCorr  .         Reflect  .     o - +0 pair of gloves
SustAt .         Harm     .     n - +0 pair of boots
MR     +....                    (no amulet)
Stlth  ++........               g - +2 ring of slaying
                                i - ring of protection from magic

@: somewhat resistant to hostile enchantments, unstealthy
A: no striking features
a: no special abilities


You were on level 2 of the Dungeon.
You were not hungry.

You visited 1 branch of the dungeon, and saw 3 of its levels.

You collected 132 gold pieces.

Inventory:

Armour
 a - a +0 robe (worn)
 b - a +0 hat (worn)
 n - a +0 pair of boots (worn)
 o - a +0 pair of gloves (worn)
 q - a +0 cloak (worn)
Jewellery
 g - a +2 ring of slaying (right hand)
 i - a ring of protection from magic (left hand)
 j - a +3 ring of evasion {unknown}
 p - an uncursed amulet of regeneration {unknown}
Scrolls
 h - 3 scrolls of identify {unknown}
 m - a scroll of amnesia {unknown}
 r - a scroll of immolation {unknown}
 s - a scroll of noise {unknown}
 t - a scroll of magic mapping {unknown}
 v - a scroll of fear {unknown}
 y - a scroll of recharging {unknown}
Potions
 e - 2 potions of beneficial mutation {unknown}
 k - a potion of agility {unknown}
 u - a potion of lignification {unknown}
 w - 2 potions of degeneration {unknown}
 x - a potion of curing
Books
 c - a book of Minor Magic

   Spells                             Type                      Level
   a - Magic Dart                     Conjuration                  1
   b - Blink                          Translocation                2
   c - Call Imp                       Summoning                    2
   d - Repel Missiles                 Charms/Air                   2
   e - Slow                           Hexes                        2
   f - Conjure Flame                  Conjuration/Fire             3
   g - Mephitic Cloud                 Conjuration/Poison/Air       3
Comestibles
 d - 5 bread rations
 f - a meat ration
 l - a beef jerky


   Skills:
 - Level 2.1 Dodging
 - Level 2.1 Stealth
 + Level 5.4 Spellcasting
 + Level 2.1 Conjurations
   Level 0.8 Summonings
   Level 1.1 Translocations


You had 12 spell levels left.
You knew the following spells:

 Your Spells              Type           Power        Failure   Level  Hunger
a - Magic Dart            Conj           ###.         4%          1    None


Dungeon Overview and Level Annotations

Branches:
Dungeon (3/15)

Altars:


Message History

Aim: a gnoll, wielding a spear (severely wounded)
The magic dart hits the gnoll.
The gnoll is severely wounded.
The gnoll closely misses you. The gnoll hits you but does no damage.
Drink which item? (? for menu, Esc to quit)
Okay, then.
A dart slug comes into view.
Found a stone staircase leading up.
A hobgoblin comes into view.
Found a trident.
There is a stone staircase leading up here.
The gnoll hits you with a club.
* * * LOW HITPOINT WARNING * * *
You climb upwards.
There is a stone staircase leading down here.
Unknown command.
Unknown command.
Unknown command.
The gnoll hits you with a club.
You die...

............# ### ...##.......#
########.. ...###################
#.........
.(.##.........##.....###.........
...##.........##.....#...........
...##.........##.....#.........##
.(.##.........##.....#.........##
####.................#........###
###...........##@....#........# #
.##.............g....####.....###
)##.........##....#### #......##
.##.....<...##....# #......##
.##.........##....# #........
.###.#......##....# #####.....#..
.###.#########....###.........#..
...........# #................##.
.###.......# #...................


You could see a gnoll.

Vanquished Creatures
  3 adders (D:2)
  A dart slug (D:2)
  A giant gecko (D:2)
  3 giant cockroaches
  6 goblins
  4 hobgoblins (D:2)
  2 quokkas (D:2)
  4 bats
  8 giant newts
  8 kobolds
  8 rats
48 creatures vanquished.

Notes
Turn   | Place    | Note
--------------------------------------------------------------
     0 | D:1      | Liam the High Elf Wizard began the quest for the Orb.
     0 | D:1      | Reached XP level 1. HP: 11/11 MP: 6/6
   166 | D:1      | Reached skill level 4 in Spellcasting
   335 | D:1      | Reached XP level 2. HP: 17/17 MP: 2/8
  1343 | D:2      | Reached XP level 3. HP: 21/21 MP: 3/10
  1420 | D:2      | Reached skill level 5 in Spellcasting
  1811 | D:2      | Reached XP level 4. HP: 27/27 MP: 1/12
  2213 | D:2      | Slain by a gnoll

Vault maps used:
D:1:      shiori_shiawase
D:3:      minitemple

Skill      XL: |  1  2  3 |
---------------+----------+-----
Spellcasting   | 4 5 |  5.4
Conjurations   | 2 |  2.1
Dodging        | |  2.1
Stealth        | |  2.1
Summonings     | |  0.8
Translocations | |  1.1

Action                   |  1- 3 |  4- 6 || total
-------------------------+-------+-------++-------
Melee: Unarmed           |     3 |       ||     3
 Cast: Magic Dart        |    94 |    23 ||   117
  Eat: Chunk             |     2 |     2 ||     4
